 Dungeon Crawl Stone Soup version 0.15-a0-2036-g5428f20 (console) character file.

107 Perunasaurus the Insei (level 4, -2/28 HPs)
             Began as an Octopode Transmuter on July 13, 2014.
             Slain by a gnoll
             ... wielding a +0 spear
              (6 damage)
             ... on Level 3 of the Dungeon.
             The game lasted 00:05:30 (2344 turns).

Perunasaurus the Insei (Octopode Transmuter)        Turns: 2344, Time: 00:05:31

HP  -2/28        AC  1     Str  9      XL: 4   Next: 86%
MP   5/7         EV 12     Int 15      God:
Gold 185         SH  0     Dex 13      Spells:  2 memorised,  2 levels left

rFire  . . .     SeeInvis .     b - 31 arrows
rCold  . . .     Clarity  .     (no shield)
rNeg   . . .     rCorr    .     (helmet restricted)
rPois  .         rRot     .     (no amulet)
rElec  .         Spirit   .     n - ring of sustain abilities
SustAb +         Warding  .     q - ring of wizardry
rMut   .         Stasis   .     (no ring)
Gourm  .                        (no ring)
MR     .....                    (no ring)
                                (no ring)
                                (no ring)
                                (no ring)

@: not resistant to hostile enchantments, unstealthy
A: almost no armour, amphibious, 8 rings, constrict 8, camouflage 1, gelatinous
body 1
a: no special abilities


You were on level 3 of the Dungeon.
You were not hungry.

You visited 1 branch of the dungeon, and saw 3 of its levels.

You collected 185 gold pieces.

Inventory:

Missiles
 b - 31 arrows (in tentacle)
 e - 6 poisoned needles
 g - 101 stones (quivered)
Comestibles
 a - a bread ration {!e}
 f - a meat ration {!e}
 i - a chunk of hobgoblin flesh {!e}
 l - a beef jerky {!e}
 o - a chunk of rat flesh {!e}
 A - a slice of pizza {!e}
Scrolls
 j - a scroll of blinking {!r}
 k - 2 scrolls of enchant armour {!r}
Jewellery
 n - a ring of sustain abilities (left tentacle)
 q - a ring of wizardry (right tentacle)
Potions
 c - a potion of haste {!q, unknown}
 h - a potion of might {!q, unknown}
 x - 2 potions of flight {!q}
Books
 d - a book of Changes

   Spells                             Type                      Level
   Beastly Appendage                  Transmutation                1
   *Sticks to Snakes                  Transmutation                2
   *Spider Form                       Transmutation/Poison         3
   Ice Form                           Ice/Transmutation            4
   Blade Hands                        Transmutation                5


   Skills:
 - Level 1.0 Fighting
 - Level 2.0 Dodging
 + Level 5.0 Unarmed Combat
 - Level 2.0 Spellcasting
 - Level 2.0 Transmutations
 - Level 2.0 Poison Magic


You had 2 spell levels left.
You knew the following spells:

 Your Spells              Type           Power        Failure   Level  Hunger
b - Sticks to Snakes      Trmt           #.........   6%          2    ###....
c - Spider Form           Trmt/Pois      #.........   12%         3    ####...


Dungeon Overview and Level Annotations

Branches:
Dungeon (3/15)

Altars:


Innate Abilities, Weirdness & Mutations

You cannot wear most types of armour.
You are amphibious.
You can wear up to eight rings at the same time.*
You can use your tentacles to constrict many enemies at once.*
Your skin changes colour to match your surroundings (Stealth).*
Your rubbery body absorbs attacks (AC +1).*


Message History

A goblin comes inta view.
It be wieldin' a dagger.
Tha goblin unwields an uncursed dagger.
Tha goblin wields a huntin' slin'.
Tha goblin shoots a slin' bullet.
Tha slin' bullet barely misses ye.
Tha goblin shoots a slin' bullet.
Tha slin' bullet closely misses ye.
Tha goblin shoots a slin' bullet.
Tha slin' bullet hits ye!
* * * LOW HITPOINT WARNIN'
* * * Ye see 'ere a slin' bullet.
Ye see 'ere a club.
Press: ? - help, v - describe, . - travel 'ere: a gnoll, wieldin' a spear Tha floor.
Unknown command.
Thar be a stone staircase leadin' up 'ere.
Wield which item (- fer none, * ta show all)? (? fer menu, 'sc ta quit)
b - 32 arrows (in tentacle) Castin': Spider Form Confirm wit' . or Enter, or press ? or * ta list all spells.
Ye create a snake!
Tha gnoll hits ye from afar wit' a spear.
Ye die...

### #(############.
#.......S......#
#.###..@.......#####
#.###g##########.#..
#......g.g.......#.#
###
################.#.#
#.. #.#.# #.. #.#.#
#.. #g#.# #.. #)#.#
#.. #(#.###..


You could see a gnoll and a friendly ball python.

Vanquished Creatures
  4 adders
  A worm (D:2)
  2 giant geckos (D:1)
  An ooze (D:2)
  6 bats
  4 giant cockroaches
  8 hobgoblins
  7 jackals
  2 quokkas (D:2)
  A giant newt (D:3)
  6 goblins
  3 kobolds (D:1)
  9 rats
  A toadstool (D:1)
55 creatures vanquished.

Vanquished Creatures (collateral kills)
  An adder (D:2)
  A worm (D:2)
  A goblin (D:2)
3 creatures vanquished.

Vanquished Creatures (others)
  4 toadstools (D:1)
4 creatures vanquished.

Grand Total: 62 creatures vanquished

Notes
Turn   | Place    | Note
--------------------------------------------------------------
     0 | D:1      | Perunasaurus, the Octopode Transmuter, began the quest for the Orb.
     0 | D:1      | Reached XP level 1. HP: 13/13 MP: 3/3
   156 | D:1      | Reached XP level 2. HP: 6/18 MP: 1/4
   161 | D:1      | Learned a level 2 spell: Sticks to Snakes
   516 | D:1      | Reached skill level 4 in Unarmed Combat
   556 | D:1      | Reached XP level 3. HP: 23/23 MP: 4/6
   568 | D:1      | Learned a level 3 spell: Spider Form
   752 | D:1      | Reached skill level 1 in Poison Magic
  1298 | D:2      | Reached XP level 4. HP: 20/28 MP: 7/7
  2291 | D:3      | Reached skill level 5 in Unarmed Combat
  2344 | D:3      | Slain by a gnoll

Action                   |  1- 3 |  4- 6 || total
-------------------------+-------+-------++-------
Melee: Unarmed           |    84 |    39 ||   123
Throw: Stone             |    47 |       ||    47
 Cast: Beastly Appendage |    24 |     9 ||    33
       Sticks to Snakes  |     2 |     4 ||     6
       Spider Form       |     1 |     1 ||     2
 Abil: End Transformatio |     1 |     1 ||     2
  Use: Scroll            |     1 |     7 ||     8
 Stab: Sleeping          |     2 |     1 ||     3
  Eat: Chunk             |     2 |     4 ||     6
